[Event "FIDE World Rapid Chess Championship 2021"]
[White "Volokitin, Andrei"]
[Black "Shevchenko, Kirill"]
[WhiteFideId "14107090"]
[BlackFideId "14129574"]
[WhiteElo "2631"]
[BlackElo "2508"]
[Result "1/2-1/2"]
[Round "11"]
[TimeControl "900+10"]
[Date "2021.12.28"]
[WhiteClock "0:16:04"]
[BlackClock "0:16:02"]

1. Nf3 Nf6 2. c4 g6 3. g3 Bg7 4. Bg2 O-O 5. O-O d6 6. d4 Nc6 7. Nc3 e5 8. dxe5 dxe5 9. Qxd8 Rxd8 10. Bg5 h6 11. Bxf6 Bxf6 12. Nd5 Kg7 13. Nxc7 Rb8 14. e4 Be7 1/2-1/2


[Site "http://www.Chess.com"]

[Event "FIDE World Rapid Chess Championship 2021"]
[White "Puranik, Abhimanyu"]
[Black "Vachier-Lagrave, Maxime"]
[WhiteFideId "5061245"]
[BlackFideId "623539"]
[WhiteElo "2472"]
[BlackElo "2773"]
[Result "0-1"]
[Round "11"]
[TimeControl "900+10"]
[Date "2021.12.28"]
[WhiteClock "0:01:14"]
[BlackClock "0:06:02"]

1. c4 e5 2. Nc3 Nf6 3. Nf3 Nc6 4. g3 Bb4 5. Nd5 e4 6. Nh4 O-O 7. Bg2 d6 8. a3 Bc5 9. O-O Re8 10. Rb1 Nxd5 11. cxd5 Nd4 12. e3 g5 13. exd4 Bxd4 14. d3 gxh4 15. dxe4 Bg7 16. Be3 Bd7 17. Bd4 Qg5 18. Rc1 c5 19. dxc6 Bxc6 20. Re1 Re6 21. f4 Qh6 22. Be3 hxg3 23. hxg3 Qf6 24. Rc4 Rae8 25. Bd4 Qg6 26. f5 Qxf5 27. exf5 Rxe1+ 28. Qxe1 Bxd4+ 29. Rxd4 Rxe1+ 30. Kf2 Rb1 31. Bxc6 Rxb2+ 32. Kf3 bxc6 33. Rxd6 Kg7 34. Rxc6 Rb3+ 35. Kf4 Rxa3 36. g4 h6 37. Rd6 Ra4+ 38. Kf3 a5 39. Ra6 Ra1 40. Kg2 a4 41. Kf2 a3 42. Kg2 a2 43. Kh2 Kf8 44. f6 Ke8 45. Ra7 Kd8 46. Kg2 Kc8 47. Rxf7 Rg1+ 0-1


[Site "http://www.Chess.com"]

[Event "FIDE World Rapid Chess Championship 2021"]
[White "Giri, Anish"]
[Black "Chigaev, Maksim"]
[WhiteFideId "24116068"]
[BlackFideId "4108116"]
[WhiteElo "2767"]
[BlackElo "2605"]
[Result "1-0"]
[Round "11"]
[TimeControl "900+10"]
[Date "2021.12.28"]
[WhiteClock "0:00:27"]
[BlackClock "0:00:31"]

1. Nf3 Nf6 2. c4 g6 3. Nc3 Bg7 4. e4 d6 5. d4 O-O 6. Be2 e5 7. O-O exd4 8. Nxd4 Re8 9. f3 c6 10. Bg5 Qb6 11. Kh1 Nxe4 12. Nxe4 Qxd4 13. Nxd6 Re6 14. Nxc8 h6 15. Ne7+ Kh7 16. Nd5 Na6 17. Bc1 Qxd1 18. Bxd1 cxd5 19. cxd5 Rb6 20. Rb1 Re8 21. Bf4 Rb4 22. Bd6 Rxb2 23. Rxb2 Bxb2 24. Bb3 Bf6 25. Rd1 b6 26. Bc4 Nc5 27. Kg1 Kg7 28. Kf1 Rd8 29. Bg3 h5 30. Bb5 h4 31. Bc7 Rc8 32. Bf4 g5 33. Be3 Rd8 34. d6 Be5 35. Bxg5 Rxd6 36. Rxd6 Bxd6 37. Bxh4 a6 38. Be2 b5 39. Bf2 Na4 40. Bd1 Nc5 41. h4 Nd3 42. Be3 Bc5 43. Ke2 Bxe3 44. Kxe3 Nb4 45. a3 Nd5+ 46. Kd4 Nf4 47. g3 Ne6+ 48. Kd5 a5 49. f4 b4 50. a4 Nc7+ 51. Kc5 Ne6+ 52. Kb5 Nd4+ 53. Kxa5 b3 54. Bxb3 Nxb3+ 55. Kb6 1-0


[Site "http://www.Chess.com"]

[Event "FIDE World Rapid Chess Championship 2021"]
[White "Predke, Alexandr"]
[Black "Rapport, Richard"]
[WhiteFideId "24107581"]
[BlackFideId "738590"]
[WhiteElo "2630"]
[BlackElo "2750"]
[Result "0-1"]
[Round "11"]
[TimeControl "900+10"]
[Date "2021.12.28"]
[WhiteClock "0:00:22"]
[BlackClock "0:01:12"]

1. d4 Nf6 2. c4 g6 3. Nc3 Bg7 4. Nf3 O-O 5. Bg5 d6 6. e3 c5 7. d5 a6 8. Be2 Qa5 9. O-O h6 10. Bh4 g5 11. Bg3 Nh5 12. Qc2 Nxg3 13. hxg3 Nd7 14. Nd2 Nf6 15. a4 Bd7 16. f4 g4 17. Kf2 Rae8 18. Bd3 e6 19. dxe6 fxe6 20. Nde4 Nxe4+ 21. Bxe4 Qb4 22. Rh1 Qxc4 23. Rh4 d5 24. Bd3 Qb4 25. Rxg4 Rf6 26. Rh1 c4 27. Bh7+ Kf8 28. Bg6 Re7 29. Rgh4 d4 30. exd4 Rxg6 31. Qxg6 Qxb2+ 32. Kg1 Qxc3 33. Kh2 Qd3 34. f5 exf5 35. Qd6 Qe3 36. Rb1 Bc6 37. Rf4 Kg8 38. d5 Bxa4 39. Rxc4 Be8 40. Rc8 Kh7 41. Rb6 Bf7 42. Rc7 Rxc7 43. Qxc7 Bxd5 44. Rd6 Qe4 0-1


[Site "http://www.Chess.com"]

[Event "FIDE World Rapid Chess Championship 2021"]
[White "Shirov, Alexei"]
[Black "Santos Latasa, Jaime"]
[WhiteFideId "2209390"]
[BlackFideId "2293307"]
[WhiteElo "2702"]
[BlackElo "2618"]
[Result "1-0"]
[Round "11"]
[TimeControl "900+10"]
[Date "2021.12.28"]
[WhiteClock "0:00:54"]
[BlackClock "0:00:23"]

1. e4 c5 2. Nc3 Nc6 3. Nge2 g6 4. d4 cxd4 5. Nxd4 Bg7 6. Be3 Nf6 7. Bc4 O-O 8. Bb3 d6 9. f3 Qa5 10. Qd2 Nxd4 11. Bxd4 Be6 12. O-O-O b5 13. Kb1 b4 14. Bxe6 fxe6 15. Ne2 Rfd8 16. Be3 e5 17. c4 e6 18. Bg5 Qc5 19. Rc1 a5 20. h4 Rd7 21. g4 Rf8 22. h5 Ne8 23. Rhf1 Qc6 24. Ng3 Rdf7 25. Qe3 Qc5 26. Qe2 Nf6 27. h6 Bh8 28. Be3 Qc6 29. g5 Nd7 30. Rf2 Nc5 31. Nf1 b3 32. Bxc5 bxa2+ 33. Kxa2 Qxc5 34. Rc3 Rb8 35. Qe3 Qc6 36. Rfc2 Rb4 37. Nd2 Rfb7 38. Kb1 Rb8 39. Rb3 Rxb3 40. Nxb3 a4 41. Nc1 Rb7 42. Qd3 Kf8 43. Rc3 Ke7 44. Qc2 Rc7 45. Nd3 Qa6 46. c5 d5 47. c6 Qb6 48. Qxa4 Qg1+ 49. Rc1 Qxg5 50. Qa5 Rc8 51. Qa7+ Kf8 52. Qxh7 Qf6 53. Nc5 Qxf3 54. Nxe6+ 1-0


[Site "http://www.Chess.com"]

[Event "FIDE World Rapid Chess Championship 2021"]
[White "Petrosian, Tigran L."]
[Black "Sargissian, Gabriel"]
[WhiteFideId "13301616"]
[BlackFideId "13300881"]
[WhiteElo "2621"]
[BlackElo "2693"]
[Result "1-0"]
[Round "11"]
[TimeControl "900+10"]
[Date "2021.12.28"]
[WhiteClock "0:00:14"]
[BlackClock "0:00:33"]

1. Nf3 d5 2. g3 Nf6 3. Bg2 e6 4. O-O Be7 5. d3 O-O 6. Nbd2 Nc6 7. e4 dxe4 8. dxe4 e5 9. c3 a5 10. Qc2 Bc5 11. Nc4 Qe7 12. Ne3 Bxe3 13. Bxe3 Rd8 14. h3 Be6 15. b3 Ne8 16. Nh4 g6 17. f4 exf4 18. Rxf4 Ng7 19. Rff1 Nh5 20. Qf2 Ne5 21. Bd4 Qg5 22. g4 Nd3 23. Nf3 Qe7 24. Qe3 Nhf4 25. Ne5 Nxg2 26. Qxd3 c5 27. Kxg2 cxd4 28. cxd4 h5 29. Qe3 Rac8 30. Rf2 Qd6 31. Rd1 hxg4 32. Nxg4 Bxg4 33. hxg4 Kg7 34. Rdf1 Qxd4 35. Rxf7+ Kg8 36. Rf8+ 1-0


[Site "http://www.Chess.com"]

[Event "FIDE World Rapid Chess Championship 2021"]
[White "Ivic, Velimir"]
[Black "Korobov, Anton"]
[WhiteFideId "950122"]
[BlackFideId "14105730"]
[WhiteElo "2357"]
[BlackElo "2689"]
[Result "0-1"]
[Round "11"]
[TimeControl "900+10"]
[Date "2021.12.28"]
[WhiteClock "0:01:36"]
[BlackClock "0:07:27"]

1. e4 c5 2. Nf3 d6 3. d4 cxd4 4. Nxd4 Nf6 5. Nc3 a6 6. Bg5 Nbd7 7. Bc4 Qb6 8. Bb3 e6 9. Bxf6 Nxf6 10. Qd2 Bd7 11. O-O-O g6 12. Kb1 Rc8 13. f4 Rxc3 14. Qxc3 Nxe4 15. Qe3 d5 16. c4 Bc6 17. cxd5 exd5 18. Qh3 Bg7 19. Qe3 O-O 20. Rhe1 Qa5 21. Nf3 Re8 22. Ne5 Bh6 23. Qh3 Nd2+ 24. Ka1 Bxf4 25. Nxc6 Nxb3+ 26. Kb1 Nd2+ 27. Ka1 Rxe1 28. Qc8+ Kg7 0-1


[Site "http://www.Chess.com"]

[Event "FIDE World Rapid Chess Championship 2021"]
[White "Onyshchuk, Volodymyr"]
[Black "Ghaem Maghami, Ehsan"]
[WhiteFideId "14114038"]
[BlackFideId "12500739"]
[WhiteElo "2687"]
[BlackElo "2553"]
[Result "1-0"]
[Round "11"]
[TimeControl "900+10"]
[Date "2021.12.28"]
[WhiteClock "0:04:26"]
[BlackClock "0:00:19"]

1. e4 c5 2. Nf3 e6 3. b3 d6 4. Bb2 Nf6 5. e5 dxe5 6. Nxe5 Nbd7 7. Nc4 Be7 8. Nc3 Nb6 9. Ne5 O-O 10. f4 Nfd5 11. Qf3 Nxc3 12. dxc3 f6 13. Nc4 Qd5 14. Qe3 Rd8 15. Nxb6 axb6 16. c4 Qh5 17. Bd3 Bd7 18. O-O f5 19. a4 Qf7 20. Rae1 Bf6 21. Be5 Re8 22. h3 Bc6 23. g4 g6 24. Qg3 Kh8 25. Re3 Rf8 26. g5 Bxe5 27. Rxe5 Rad8 28. Qe3 Rfe8 29. Re1 Kg8 30. Kf2 Rd4 31. a5 Qc7 32. axb6 Qxb6 33. Rxe6 Re4 34. Rxe8+ Rxe8 35. Qd2 Qd8 36. Rxe8+ Qxe8 37. h4 Kf7 38. h5 Qe7 39. h6 Qd6 40. Qe3 b6 41. Kg3 Bd7 42. Be2 Bc6 43. Qc3 Qe7 44. Kf2 Ke8 45. Bd3 Kd7 46. Qg7 1-0


[Site "http://www.Chess.com"]

[Event "FIDE World Rapid Chess Championship 2021"]
[White "Saric, Ivan"]
[Black "Harsha, Bharathakoti"]
[WhiteFideId "14508150"]
[BlackFideId "5078776"]
[WhiteElo "2684"]
[BlackElo "2484"]
[Result "1-0"]
[Round "11"]
[TimeControl "900+10"]
[Date "2021.12.28"]
[WhiteClock "0:02:44"]
[BlackClock "0:03:37"]

1. e4 c5 2. Nf3 d6 3. d4 cxd4 4. Nxd4 Nf6 5. Nc3 a6 6. f3 e5 7. Nb3 Be6 8. Be3 h5 9. Nd5 Bxd5 10. exd5 Nbd7 11. Qd2 Rc8 12. Na5 Qc7 13. c4 g6 14. Be2 Bg7 15. O-O O-O 16. Rac1 Rfe8 17. b4 Bf8 18. Kh1 Qb8 19. g4 hxg4 20. fxg4 Bg7 21. g5 Nh7 22. Bg4 Rcd8 23. c5 dxc5 24. bxc5 e4 25. c6 bxc6 26. Nxc6 Qd6 27. Nxd8 Rxd8 28. Rc6 Qa3 29. Qc1 Qxa2 30. Rc8 Rxc8 31. Qxc8+ Nhf8 32. Bxd7 Qe2 33. Rxf7 Qxe3 34. Be6 Kh7 35. Rxf8 Bxf8 36. Qxf8 Qc1+ 37. Kg2 Qxg5+ 38. Kh3 Qe3+ 39. Kh4 Qe1+ 40. Kg5 Qe3+ 41. Qf4 Qg1+ 42. Bg4 1-0


[Site "http://www.Chess.com"]

[Event "FIDE World Rapid Chess Championship 2021"]
[White "Gareyev, Timur"]
[Black "Sarana, Alexey"]
[WhiteFideId "14200937"]
[BlackFideId "24133795"]
[WhiteElo "2578"]
[BlackElo "2680"]
[Result "0-1"]
[Round "11"]
[TimeControl "900+10"]
[Date "2021.12.28"]
[WhiteClock "0:00:42"]
[BlackClock "0:00:31"]

1. d4 Nf6 2. c4 e6 3. Nc3 Bb4 4. Qc2 d5 5. e3 O-O 6. a3 Be7 7. Nf3 Nbd7 8. Bd2 b6 9. cxd5 exd5 10. Bd3 c5 11. O-O Bb7 12. Rad1 Bd6 13. dxc5 bxc5 14. Ne2 Qc7 15. Ng3 g6 16. Bc3 Rfe8 17. Bb5 Re6 18. Ng5 Re7 19. Qa4 c4 20. Bxd7 Nxd7 21. Rd4 Be5 22. Rh4 Bxc3 23. bxc3 Qe5 24. Nxh7 Kg7 25. Qb4 Bc6 26. f4 Qxe3+ 27. Kh1 Rh8 28. Rh3 Rxh7 29. Nf5+ gxf5 30. Rxe3 Rxe3 31. Qb1 Nf6 32. Qxf5 Rh5 33. Qc8 Bd7 34. Qc5 Re2 35. Qd4 Bf5 36. Kg1 a6 37. h3 Rh6 38. Rf2 Re1+ 39. Rf1 Re4 40. Qd2 d4 41. cxd4 Nd5 42. g4 c3 43. Qa2 Be6 44. f5 Nf4 45. fxe6 Nxh3+ 46. Kg2 Rxg4+ 47. Kf3 f5 48. Ke3 Ng5 49. Kd3 Rh3+ 50. Kc4 Nxe6 51. Kd5 Kf6 52. Re1 Nxd4 53. Qc4 Kg5 54. Qc7 Rd3 55. Qe7+ Kf4 56. Qe5+ Kf3 57. Kc5 c2 58. Kb6 Rb3+ 59. Kxa6 Rg6+ 0-1


[Site "http://www.Chess.com"]

[Event "FIDE World Rapid Chess Championship 2021"]
[White "Sargsyan, Shant"]
[Black "Svane, Rasmus"]
[WhiteFideId "13306766"]
[BlackFideId "4657101"]
[WhiteElo "2344"]
[BlackElo "2677"]
[Result "1/2-1/2"]
[Round "11"]
[TimeControl "900+10"]
[Date "2021.12.28"]
[WhiteClock "0:13:49"]
[BlackClock "0:17:21"]

1. d4 Nf6 2. c4 e6 3. Nf3 d5 4. Nc3 c5 5. cxd5 cxd4 6. Qxd4 exd5 7. e4 dxe4 8. Qxd8+ Kxd8 9. Ng5 Be6 10. Nxe6+ fxe6 11. Bg5 Nc6 12. O-O-O Ke8 13. Bb5 Rc8 14. Kb1 Bb4 15. Bxf6 gxf6 16. Nxe4 f5 17. Ng5 Ke7 18. a3 Ba5 19. Nf3 1/2-1/2


[Site "http://www.Chess.com"]

[Event "FIDE World Rapid Chess Championship 2021"]
[White "Demchenko, Anton"]
[Black "Maghsoodloo, Parham"]
[WhiteFideId "4160258"]
[BlackFideId "12539929"]
[WhiteElo "2666"]
[BlackElo "2512"]
[Result "0-1"]
[Round "11"]
[TimeControl "900+10"]
[Date "2021.12.28"]
[WhiteClock "0:00:11"]
[BlackClock "0:00:36"]

1. e4 c5 2. Nf3 Nc6 3. Bb5 g6 4. O-O Bg7 5. d3 e5 6. a3 Nge7 7. b4 cxb4 8. axb4 O-O 9. c4 Nxb4 10. Ba3 Nbc6 11. Bd6 b6 12. Nc3 Re8 13. c5 Bb7 14. Bc4 Nc8 15. Nb5 Na5 16. Rxa5 bxa5 17. Qb3 Qf6 18. d4 a4 19. Qa2 exd4 20. e5 Qf4 21. e6 Nxd6 22. Nxd6 dxe6 23. Nxb7 Qc7 24. Nd6 Re7 25. Ne4 Qc6 26. Re1 Rb8 27. h4 h6 28. Qd2 a3 29. Qa5 Reb7 30. Ba2 Rb4 31. Qxa7 Qb7 32. Qa5 Ra8 33. c6 Rxa5 34. cxb7 Rxb7 35. Nfd2 Rb2 36. Nc4 Rxa2 37. Nxa5 d3 38. Rd1 Re2 39. Nc5 d2 40. Nd3 Bc3 41. Nc4 a2 42. Kh2 a1=Q 43. Rxa1 Bxa1 0-1


[Site "http://www.Chess.com"]

[Event "FIDE World Rapid Chess Championship 2021"]
[White "Sanal, Vahap"]
[Black "Matlakov, Maxim"]
[WhiteFideId "6300545"]
[BlackFideId "4168003"]
[WhiteElo "2509"]
[BlackElo "2652"]
[Result "0-1"]
[Round "11"]
[TimeControl "900+10"]
[Date "2021.12.28"]
[WhiteClock "0:00:56"]
[BlackClock "0:00:56"]

1. Nf3 d5 2. b3 Nf6 3. Bb2 e6 4. g3 c5 5. Bg2 Nc6 6. O-O Be7 7. e3 O-O 8. c4 b6 9. Qe2 Bb7 10. d3 Rc8 11. Nc3 Qc7 12. cxd5 Nxd5 13. Nxd5 exd5 14. Rfd1 b5 15. Nh4 Bxh4 16. Qg4 d4 17. Qxh4 Ne5 18. e4 f5 19. Rac1 Qd6 20. b4 c4 21. dxc4 Rxc4 22. Qg5 Bxe4 23. Rxc4 bxc4 24. Rxd4 Qxb4 25. Bxe4 Qxb2 26. Bd5+ Kh8 27. Rh4 Qb6 28. Qe7 Ng6 29. Qa3 Qb1+ 30. Kg2 Nxh4+ 31. gxh4 Rd8 32. Qxa7 Qd3 33. Bf7 Qe4+ 34. f3 Rd2+ 35. Kg3 Qe5+ 0-1


[Site "http://www.Chess.com"]

[Event "FIDE World Rapid Chess Championship 2021"]
[White "Gelfand, Boris"]
[Black "Babazada, Khazar"]
[WhiteFideId "2805677"]
[BlackFideId "13413554"]
[WhiteElo "2648"]
[BlackElo "2170"]
[Result "1/2-1/2"]
[Round "11"]
[TimeControl "900+10"]
[Date "2021.12.28"]
[WhiteClock "0:00:53"]
[BlackClock "0:01:19"]

1. Nf3 g6 2. e4 Bg7 3. d4 d6 4. c4 Nf6 5. Nc3 O-O 6. Be2 Nbd7 7. O-O e5 8. Be3 c6 9. d5 Qe7 10. b4 c5 11. a3 Nh5 12. g3 b6 13. Bg5 Bf6 14. Bd2 Bg7 15. Rb1 h6 16. Re1 Nhf6 17. Qc1 Kh7 18. Nh4 Ng8 19. Qc2 h5 20. Nf3 Bh6 21. Qc1 Bxd2 22. Qxd2 Nh6 23. Ng5+ Kg7 24. Rf1 Re8 25. Nb5 Nf8 26. bxc5 bxc5 27. h4 f6 28. Nf3 Bh3 29. Rfe1 a6 30. Nc3 Qc7 31. Rb3 Reb8 32. Reb1 Rxb3 33. Rxb3 Rb8 34. Qb2 Rxb3 35. Qxb3 Bd7 36. Qb2 Nf7 37. Bd1 Nd8 38. Ba4 Bxa4 39. Nxa4 Nd7 40. Nd2 Qa5 41. Nc3 Kf7 42. Kg2 Ke7 43. Nf1 Qb6 44. Qc2 Qa5 45. Qc1 Nf7 46. Ne3 Qb6 47. Qc2 Qa5 48. Qb3 Qb6 49. Qxb6 Nxb6 50. Kf1 Nh6 51. Ke2 f5 52. Kd3 Kf6 53. a4 f4 54. a5 Nd7 55. Nc2 g5 56. Na4 Nf7 57. Nb6 gxh4 58. gxh4 Ke7 59. Nxd7 1/2-1/2


[Site "http://www.Chess.com"]

[Event "FIDE World Rapid Chess Championship 2021"]
[White "Wojtaszek, Radoslaw"]
[Black "Bluebaum, Matthias"]
[WhiteFideId "1118358"]
[BlackFideId "24651516"]
[WhiteElo "2743"]
[BlackElo "2575"]
[Result "0-1"]
[Round "11"]
[TimeControl "900+10"]
[Date "2021.12.28"]
[WhiteClock "0:00:37"]
[BlackClock "0:01:12"]

1. c4 e6 2. Nc3 d5 3. d4 Nf6 4. cxd5 exd5 5. Bg5 c6 6. e3 h6 7. Bh4 Be7 8. Bd3 O-O 9. Qc2 Re8 10. Nge2 a5 11. O-O Na6 12. a3 Nc7 13. f3 c5 14. a4 c4 15. Bf5 Na6 16. Bxc8 Nb4 17. Qd2 Qxc8 18. Nb5 Qd7 19. Nec3 Rad8 20. Rad1 Qc6 21. Qe2 Nd3 22. b3 Bb4 23. bxc4 dxc4 24. Qd2 g5 25. Bf2 Nd5 26. e4 Nxc3 27. Nxc3 Qf6 28. Be3 Rxd4 29. Qc2 Rdd8 30. Nb5 Rc8 31. Nd4 Bc5 32. Nf5 Bxe3+ 33. Nxe3 Qb6 34. Qe2 f5 35. Kh1 fxe4 36. Rb1 Qe6 37. fxe4 Nf4 38. Qf2 Qxe4 39. Ng4 Qe6 40. h3 c3 41. Qd4 Re7 42. Rb6 Rc6 43. Rb5 c2 44. Re5 c1=Q 45. Rxc1 Rxc1+ 46. Kh2 Rd7 47. Qe3 Rc2 48. Rxe6 Rxg2+ 49. Kh1 Rd1+ 50. Qe1 Rxe1+ 51. Rxe1 Rg3 52. Nxh6+ Kh7 53. Nf5 Rxh3+ 54. Kg1 Kg6 55. Nd6 Rb3 56. Re5 g4 57. Re4 Rb4 58. Nc4 Kg5 59. Kf2 Rxa4 60. Re5+ Kh4 61. Ne3 Nd3+ 0-1


[Site "http://www.Chess.com"]

[Event "FIDE World Rapid Chess Championship 2021"]
[White "Artemiev, Vladislav"]
[Black "Shoker, Samy"]
[WhiteFideId "24101605"]
[BlackFideId "627143"]
[WhiteElo "2714"]
[BlackElo "2550"]
[Result "1-0"]
[Round "11"]
[TimeControl "900+10"]
[Date "2021.12.28"]
[WhiteClock "0:00:12"]
[BlackClock "0:00:31"]

1. Nf3 g6 2. g3 Bg7 3. d4 Nf6 4. Bg2 O-O 5. O-O d6 6. Nc3 Nc6 7. d5 Na5 8. Rb1 c5 9. e4 Bg4 10. h3 Bxf3 11. Qxf3 a6 12. a4 Rb8 13. Qe2 Nd7 14. Bd2 c4 15. Ra1 Qc7 16. Rfb1 Rfc8 17. Qe1 b6 18. Ne2 Nc5 19. Bc3 Bxc3 20. Qxc3 Qd7 21. Qf3 Rf8 22. b4 cxb3 23. cxb3 Nab7 24. Qe3 a5 25. Nd4 e5 26. dxe6 fxe6 27. e5 d5 28. Bf1 Ne4 29. Ra2 Nbc5 30. Kh2 Nb7 31. h4 Rbc8 32. Bh3 Nd8 33. Nb5 Qg7 34. f3 Nc5 35. Nd4 Re8 36. b4 axb4 37. Rxb4 Nc6 38. Rxb6 Nxe5 39. Bxe6+ Kh8 40. Bxc8 Rxc8 41. Ne6 Qf6 42. Qxc5 Nxf3+ 43. Kh1 Re8 44. Qe3 Qf5 45. Kg2 Ne5 46. Qf4 Nc4 47. Qxf5 gxf5 48. Ra6 1-0


[Site "http://www.Chess.com"]

[Event "FIDE World Rapid Chess Championship 2021"]
[White "Paravyan, David"]
[Black "Piorun, Kacper"]
[WhiteFideId "4194985"]
[BlackFideId "1130420"]
[WhiteElo "2671"]
[BlackElo "2547"]
[Result "1-0"]
[Round "11"]
[TimeControl "900+10"]
[Date "2021.12.28"]
[WhiteClock "0:05:23"]
[BlackClock "0:00:11"]

1. e4 e5 2. Nf3 Nc6 3. Nc3 Nf6 4. d4 exd4 5. Nxd4 Bb4 6. Nxc6 bxc6 7. Bd3 d5 8. exd5 cxd5 9. O-O O-O 10. Bg5 c6 11. Qf3 h6 12. Bxf6 Qxf6 13. Qxf6 gxf6 14. Ne2 Rb8 15. b3 Bd6 16. Rad1 Be6 17. Nd4 c5 18. Nf5 Bxf5 19. Bxf5 Rfd8 20. g3 Be5 21. Rd2 Bc3 22. Rd3 d4 23. Rfd1 Re8 24. Rf3 Re5 25. Bd3 Kg7 26. Kg2 Rbe8 27. Rf4 a5 28. a4 R8e7 29. Rg4+ Rg5 30. Rh4 Rge5 31. Rg4+ Rg5 32. Rf4 Rge5 33. Kf3 Bb4 34. Rh4 Bc3 35. Rf1 Bb4 36. Kg2 Bc3 37. f4 Re3 38. Rh5 Bb4 39. Rd5 Rc7 40. Kh3 Ree7 41. Bb5 Re3 42. Kg4 Rce7 43. Rf2 Re1 44. Bd3 R1e6 45. Bc4 Rb6 46. Rd8 Rbb7 47. Re2 Rxe2 48. Bxe2 Re7 49. Bc4 Kg6 50. Rg8+ Kh7 51. Rc8 Kg6 52. Bd3+ Kg7 53. Rc6 Rd7 54. Bc4 Kg6 55. Bd3+ Kg7 56. Be4 Re7 57. Kf5 Re6 58. Rc7 Rd6 59. Bd3 Rd5+ 60. Ke4 Rd6 61. Bc4 f5+ 62. Kxf5 Rf6+ 63. Ke4 Kg6 64. Bd5 h5 65. Kf3 Kg7 66. h4 Kg6 67. Rd7 Bc3 68. Be4+ Kh6 69. Rd8 Rb6 70. Rc8 Bb4 71. Rh8+ Kg7 72. Rh7+ Kf8 73. Rxh5 1-0


[Site "http://www.Chess.com"]

[Event "FIDE World Rapid Chess Championship 2021"]
[White "Movsesian, Sergei"]
[Black "Nihal, Sarin"]
[WhiteFideId "310204"]
[BlackFideId "25092340"]
[WhiteElo "2667"]
[BlackElo "2500"]
[Result "0-1"]
[Round "11"]
[TimeControl "900+10"]
[Date "2021.12.28"]
[WhiteClock "0:00:11"]
[BlackClock "0:01:38"]

1. e4 e5 2. Nf3 Nc6 3. Bb5 a6 4. Ba4 Nf6 5. d3 d6 6. O-O g6 7. c4 Bg7 8. Nc3 O-O 9. Bxc6 bxc6 10. d4 exd4 11. Nxd4 c5 12. Nde2 Rb8 13. Qc2 Ng4 14. b3 f5 15. Bb2 f4 16. h3 f3 17. hxg4 Bxg4 18. Ng3 Qh4 19. Rfd1 Bd4 20. Rxd4 cxd4 21. Nd5 fxg2 22. Qd3 Bf3 23. Ne7+ Qxe7 24. Qxd4 Kf7 25. Qg7+ Ke8 26. Qh6 Kd7 27. Re1 Rbe8 28. c5 dxc5 29. Re3 Qe6 30. Bg7 Rf7 31. e5 Kc8 32. Re1 Rxg7 0-1


[Site "http://www.Chess.com"]

[Event "FIDE World Rapid Chess Championship 2021"]
[White "Riazantsev, Alexander"]
[Black "Dudin, Gleb"]
[WhiteFideId "4125029"]
[BlackFideId "34184934"]
[WhiteElo "2632"]
[BlackElo "2247"]
[Result "1/2-1/2"]
[Round "11"]
[TimeControl "900+10"]
[Date "2021.12.28"]
[WhiteClock "0:00:45"]
[BlackClock "0:00:24"]

1. d4 d5 2. c4 c6 3. Nc3 Nf6 4. e3 e6 5. Bd3 Nbd7 6. b3 dxc4 7. bxc4 c5 8. Nf3 cxd4 9. exd4 Be7 10. O-O O-O 11. Qe2 b6 12. Bb2 Bb7 13. Rad1 Re8 14. Ne5 Rc8 15. Rfe1 Bb4 16. a3 Ba5 17. Rf1 Qc7 18. Nb5 Qb8 19. Nxd7 Nxd7 20. c5 bxc5 21. dxc5 Rxc5 22. Nd6 Rd8 23. Qg4 Ne5 24. Qf4 f6 25. Bxe5 Rxe5 26. Nxb7 Qxb7 27. Qh4 h6 28. Bg6 Rxd1 29. Rxd1 Qd5 30. Qa4 Qxd1+ 31. Qxd1 Re1+ 32. Qxe1 Bxe1 33. Kf1 Ba5 1/2-1/2


[Site "http://www.Chess.com"]

[Event "FIDE World Rapid Chess Championship 2021"]
[White "Najer, Evgeniy"]
[Black "Anton Guijarro, David"]
[WhiteFideId "4118987"]
[BlackFideId "2285525"]
[WhiteElo "2565"]
[BlackElo "2627"]
[Result "0-1"]
[Round "11"]
[TimeControl "900+10"]
[Date "2021.12.28"]
[WhiteClock "0:00:40"]
[BlackClock "0:00:54"]

1. e4 c6 2. d4 d5 3. e5 Bf5 4. Nf3 e6 5. Be2 Nd7 6. O-O Ne7 7. c3 h6 8. a4 a5 9. Nbd2 Bh7 10. Nb3 Ng6 11. Bd3 Be7 12. Be3 O-O 13. Ne1 b6 14. f4 Nh4 15. Bxh7+ Kxh7 16. Nd3 Qc8 17. Bf2 Ng6 18. Nbc1 c5 19. Qf3 c4 20. f5 exf5 21. Ne1 Qc6 22. Qxf5 Qe6 23. Bg3 Kg8 24. Nc2 Rab8 25. Qf3 f5 26. Ne2 Bg5 27. Bf4 b5 28. Ne3 bxa4 29. Qxd5 Qxd5 30. Nxd5 Rxb2 31. Rf2 Rxe2 32. Rxe2 Nxf4 33. Nxf4 Bxf4 34. Rxa4 Ra8 35. Rb2 Ra6 36. Rba2 Nb6 37. Rxa5 Rxa5 38. Rxa5 Bd2 39. Ra3 Nd5 40. e6 Bxc3 41. Ra8+ Kh7 42. Rd8 Bxd4+ 43. Kf1 c3 44. Ke2 Nf4+ 45. Kd1 Bf6 46. Rd6 Nxg2 47. Rd7 Kg6 48. Rd3 f4 0-1


[Site "http://www.Chess.com"]

[Event "FIDE World Rapid Chess Championship 2021"]
[White "Theodorou, Nikolas"]
[Black "Howell, David W L"]
[WhiteFideId "4262875"]
[BlackFideId "410608"]
[WhiteElo "2559"]
[BlackElo "2624"]
[Result "1/2-1/2"]
[Round "11"]
[TimeControl "900+10"]
[Date "2021.12.28"]
[WhiteClock "0:00:43"]
[BlackClock "0:00:51"]

1. d4 d5 2. c4 c6 3. Nf3 Nf6 4. Nc3 dxc4 5. e4 b5 6. Be2 b4 7. Na4 Nxe4 8. Bxc4 e6 9. O-O Be7 10. Re1 Nf6 11. Ne5 O-O 12. Nc5 a5 13. Nxf7 Rxf7 14. Nxe6 Bxe6 15. Bxe6 Na6 16. Bf4 Bd6 17. Bg5 Nc7 18. Bxf7+ Kxf7 19. Rc1 Qd7 20. Bxf6 gxf6 21. Qc2 f5 22. Qc4+ Nd5 23. Qxc6 Qxc6 24. Rxc6 Rd8 25. g3 a4 26. Ra6 a3 27. bxa3 bxa3 28. Rb1 Nc3 29. Rb7+ Ke6 30. Rxh7 Nxa2 31. Ra5 Nc3 32. Rh6+ Kd7 33. d5 Kc7 34. Rh7+ Kb6 35. Raa7 Nxd5 36. Rhb7+ Kc6 37. Rb3 Bc5 38. Ra6+ Nb6 39. Raxa3 Bxa3 40. Rxa3 Nd5 41. Rf3 Rf8 42. Kg2 Kd6 43. Ra3 Rb8 44. Ra2 Ke5 45. Re2+ Kf6 46. Rd2 Nc3 47. h3 Ne4 48. Ra2 Rb6 49. Re2 Rb4 50. Ra2 Kg5 51. Rc2 Rd4 52. Ra2 Rd3 53. Re2 Nc3 54. Re3 Rxe3 55. fxe3 Nd5 56. Kf3 Nf6 57. g4 fxg4+ 58. hxg4 Nxg4 59. Kg2 Nxe3+ 1/2-1/2


[Site "http://www.Chess.com"]

[Event "FIDE World Rapid Chess Championship 2021"]
[White "Kozak, Adam"]
[Black "Dreev, Aleksey"]
[WhiteFideId "753246"]
[BlackFideId "4100107"]
[WhiteElo "2552"]
[BlackElo "2621"]
[Result "1/2-1/2"]
[Round "11"]
[TimeControl "900+10"]
[Date "2021.12.28"]
[WhiteClock "0:00:38"]
[BlackClock "0:00:38"]

1. e4 c6 2. d4 d5 3. e5 Bf5 4. g4 Bd7 5. Nc3 Qc8 6. Be2 e6 7. Be3 c5 8. Nf3 a6 9. Qd2 b6 10. O-O h5 11. h3 hxg4 12. hxg4 Nh6 13. g5 Nf5 14. Bd3 cxd4 15. Nxd4 Nxd4 16. Bxd4 Nc6 17. Ne2 Bc5 18. Qf4 Nxd4 19. Nxd4 Bxd4 20. Qxd4 Qc5 21. Qf4 Qe7 22. Qg4 Bb5 23. Kg2 Kd7 24. c4 Bc6 25. Rfd1 Kc7 26. cxd5 exd5 27. Rac1 Kb7 28. f4 Rac8 29. Be2 Qb4 30. b3 Rc7 31. Bf3 Rd8 32. f5 Qxg4+ 33. Bxg4 d4+ 34. Kg3 d3 35. Rd2 Rd4 36. e6 fxe6 37. fxe6 Be8 38. Rxc7+ Kxc7 39. Bf5 Kd6 40. Rxd3 Rxd3+ 41. Bxd3 a5 42. Bf5 Ke5 43. Bg4 Bc6 44. a3 Kd6 45. b4 axb4 46. axb4 Bd5 47. Kf4 Bxe6 48. Bf3 Bd7 49. Be4 Be6 50. Bf3 Bd7 51. Be4 1/2-1/2


[Site "http://www.Chess.com"]